Remparts vs Atomiques
Created - 18 janvier 2016 at 19:09
Goals
|
| Remparts |
1 |
3 |
0 |
0 |
2 |
5 |
| Atomiques |
1 |
1 |
2 |
0 |
0 |
4 |
|
Shots
|
| Remparts |
8 |
17 |
9 |
1 |
3 |
35 |
| Atomiques |
5 |
9 |
19 |
1 |
2 |
34 |
|
1st period
1. Remparts , Jonathan Matsumoto 14 (Mattias Weinhandl) at 6:14
2. Atomiques , Alex Berry 6 (Brett Sutter, Davis Drewiske) at 13:15
Penalties :
Jonathan Matsumoto (Que) for Holding (Minor) at 1:44, Tyler Kennedy (STB) for Holding (Minor) at 13:45
2nd period
3. Remparts , Petr Straka 2 (Jonathan Matsumoto, Mattias Weinhandl) at 7:13 (PP)
4. Remparts , Jonathan Matsumoto 15 (Mattias Weinhandl, Pasi Salonen) at 9:09
5. Remparts , Matt Halischuk 13 (Cédric Lalonde-McNicoll, Keith Ballard) at 14:37 (PP)
6. Atomiques , Andrew Kozek 4 (Brett Sutter, Scott Jackson) at 18:03
Penalties :
Jonathan Matsumoto (Que) for Roughing (Minor) at 4:31, Kenndal McArdle (STB) for Interference (Minor) at 6:18, Erik Gudbranson (Que) for Hooking (Minor) at 12:24, Shawn Belle (STB) for Slashing (Minor) at 13:56, Shawn Belle (STB) for Hooking (Minor) at 15:27
3rd period
7. Atomiques , Kenndal McArdle 16 (Alexander Sulzer, Marc-André Cliche) at 2:00
8. Atomiques , Andrew Kozek 5 (Brett Sutter, Alex Berry) at 7:27
Penalties :
Ty Wishart (Que) for Hooking (Minor) at 15:46
Overtime #1
No Goal
Penalties :
No Penalty
Shootout
Penalty Shot by Mattias Weinhandl for Remparts - Stopped by Sergei Bobrovsky
Penalty Shot by Brad Winchester for Atomiques - Shot Misses the Net
Penalty Shot by Jonathan Cheechoo for Remparts - Goal!
Penalty Shot by Tyler Kennedy for Atomiques - Shot Misses the Net
Penalty Shot by Pasi Salonen for Remparts - Goal!
Penalties :
No Penalty
Goalie Stats
Petr Mrazek (Que), 30 saves from 34 shots - (0,882), W, 3-3-2, 65:00 minutes
Sergei Bobrovsky (STB), 31 saves from 35 shots - (0,886), OTL, 9-9-3, 65:00 minutes
Players Stats for Remparts
Player Name G A P +/- PIM S H SB GA TA FO MP PP MP PK MP
------------------------------------------------------------------------------------
Brandon Gormley 0 0 0 0 0 1 0 2 0 0 0/0 11:56 1:25 2:46
Cédric Lalonde-McNicoll 0 1 1 -2 0 1 2 0 0 1 8/17 20:05 2:00 4:03
Chris Mueller 0 0 0 -2 0 1 4 1 0 0 1/3 8:40 0:00 1:17
Denis Bodrov 0 0 0 -2 0 0 0 1 0 1 0/0 16:16 0:40 1:37
Erik Gudbranson 0 0 0 0 2 3 2 2 0 1 0/0 27:29 2:26 3:06
Geordie Wudrick 0 0 0 -2 0 0 1 0 0 0 0/0 6:55 0:00 0:00
Johannes Salmonsson 0 0 0 0 0 2 1 0 1 0 0/0 15:00 0:09 4:17
Jonathan Cheechoo 0 0 0 -2 0 2 0 0 1 0 0/0 6:45 0:00 0:00
Jonathan Matsumoto 2 1 3 2 4 5 4 0 0 0 7/28 23:37 2:55 0:00
Keith Ballard 0 1 1 0 0 3 0 1 1 1 0/0 29:15 3:04 3:40
Matt Halischuk 1 0 1 -2 0 4 3 0 0 0 0/0 18:41 2:00 2:07
Mattias Weinhandl 0 3 3 2 0 4 1 1 2 1 2/3 23:40 2:46 0:00
Max Reinhart 0 0 0 0 0 0 2 0 0 1 5/8 13:34 0:00 2:16
Pasi Salonen 0 1 1 2 0 1 2 1 1 1 0/0 20:58 1:59 0:56
Petr Straka 1 0 1 0 0 3 0 0 0 0 1/2 11:55 0:52 0:00
Rico Fata 0 0 0 -2 0 2 5 0 1 0 0/0 14:57 2:00 0:17
Ty Wishart 0 0 0 -2 2 0 1 1 0 0 0/0 18:22 0:00 0:00
William Colbert 0 0 0 0 0 3 1 1 0 1 0/0 23:03 2:19 2:46
Players Stats for Atomiques
Player Name G A P +/- PIM S H SB GA TA FO MP PP MP PK MP
------------------------------------------------------------------------------------
Alex Berry 1 1 2 3 0 2 0 0 0 0 0/0 10:14 0:00 0:00
Alexander Sulzer 0 1 1 0 0 5 1 2 3 0 0/0 29:57 2:55 3:15
Andrew Kozek 2 0 2 3 0 2 2 0 0 0 1/1 12:27 0:00 1:07
Anthony Nigro 0 0 0 0 0 1 0 0 0 0 1/3 8:06 0:00 0:00
Brad Winchester 0 0 0 -2 0 1 1 0 0 0 7/7 25:23 3:56 2:13
Brett Connolly 0 0 0 0 0 0 0 0 0 0 0/0 8:11 0:00 0:00
Brett Sutter 0 3 3 3 0 3 1 0 0 0 3/3 12:01 0:00 0:52
Clayton Stoner 0 0 0 2 0 0 2 2 1 0 0/0 22:24 4:07 1:50
Davis Drewiske 0 1 1 3 0 2 0 0 1 0 0/0 22:51 4:07 1:40
John McCarthy 0 0 0 0 0 4 3 3 0 0 0/0 10:51 0:00 1:43
Kenndal McArdle 1 0 1 1 2 1 2 1 0 1 0/0 19:28 3:20 1:24
Kyle Wharton 0 0 0 -1 0 0 1 1 0 0 0/0 12:06 0:15 0:14
Marc-André Cliche 0 1 1 1 0 2 1 0 0 0 7/11 16:16 3:21 0:00
Nick Johnson 0 0 0 1 0 1 3 0 0 1 0/1 16:32 3:21 0:00
Scott Jackson 0 1 1 0 0 0 1 0 0 0 0/0 12:58 0:15 0:56
Shawn Belle 0 0 0 0 4 3 0 1 1 3 0/0 28:35 2:54 1:55
Tyler Brenner 0 0 0 -2 0 5 1 1 0 1 13/28 22:18 3:56 1:24
Tyler Kennedy 0 0 0 -2 2 2 1 1 2 1 5/7 23:44 3:56 1:07
3 Stars
1 - Andrew Kozek (STB)
2 - Jonathan Matsumoto (Que)
3 - Brett Sutter (STB)
Power Play
Remparts - 2 on 4 Attempt(s) - 50,00%
Atomiques - 0 on 4 Attempt(s) - 0,00%
Penalty Kill
Remparts - 4 on 4 Attempt(s) - 100,00%
- Score 0 goal in Penalty Kill
Atomiques - 2 on 4 Attempt(s) - 50,00%
- Score 0 goal in Penalty Kill
Team Stat
Remparts - Hits : 29 - Faceoff Wins : 24 - Blocked Shots : 11 - Penalty Minutes : 8
Atomiques - Hits : 20 - Faceoff Wins : 37 - Blocked Shots : 12 - Penalty Minutes : 8
Official
Referees : VanMassenhoven Don and O'Rourke Dan
Linesman : Vaughan Rody and Tim Nowak
Game Notes
Brandon Gormley is injured at 15:18 of 2nd period (Bruised Right Shoulder)
Finance
Level 1 -- Attendance: 1510 (75,50%) -- Ticket Income 52 850 $
Level 2 -- Attendance: 766 (76,60%) -- Ticket Income 11 490 $
Total Attendance: 2276 (75,87%)
Total Ticket Income: 64 340 $
Other Income: 3 217 $
Total Income: 67 557 $
Remparts
5 vs 5 Forward
Center Left Wing Right Wing Time % Phy DF OF
1 Jonathan Matsumoto Pasi Salonen Mattias Weinhandl 40 0 2 3
2 Cédric Lalonde-McNicoll Rico Fata Matt Halischuk 30 0 2 3
3 Max Reinhart Johannes Salmonsson Petr Straka 20 0 3 2
4 Chris Mueller Geordie Wudrick Jonathan Cheechoo 10 1 2 2
5 vs 5 Defense
Defense Defense Time % Phy DF OF
1 Keith Ballard Erik Gudbranson 40 0 2 3
2 William Colbert Brandon Gormley 30 0 2 3
3 Denis Bodrov Ty Wishart 20 0 3 2
4 Keith Ballard Erik Gudbranson 10 0 2 3
PowerPlay Forward
Center Left Wing Right Wing Time % Phy DF OF
1 Jonathan Matsumoto Pasi Salonen Mattias Weinhandl 60 0 1 4
2 Cédric Lalonde-McNicoll Rico Fata Matt Halischuk 40 0 1 4
PowerPlay Defense
Defense Defense Time % Phy DF OF
1 Keith Ballard Erik Gudbranson 60 0 2 3
2 William Colbert Brandon Gormley 40 0 2 3
Penalty Kill 4 Players Forward
Center Wing Time % Phy DF OF
1 Cédric Lalonde-McNicoll Johannes Salmonsson 60 1 4 0
2 Max Reinhart Matt Halischuk 40 1 4 0
Penalty Kill 4 Players Defense
Defense Defense Time % Phy DF OF
1 Keith Ballard Erik Gudbranson 60 1 4 0
2 William Colbert Brandon Gormley 40 1 4 0
Penalty Kill - 3 Players Forward
Forward Time % Phy DF OF
1 Johannes Salmonsson 60 1 4 0
2 Cédric Lalonde-McNicoll 40 1 4 0
Penalty Kill - 3 Players Defense
Defense Defense Time % Phy DF OF
1 Keith Ballard Erik Gudbranson 60 1 4 0
2 William Colbert Brandon Gormley 40 1 4 0
4 vs 4 Forward
Center Wing Time % Phy DF OF
1 Jonathan Matsumoto Mattias Weinhandl 60 0 2 3
2 Cédric Lalonde-McNicoll Matt Halischuk 40 0 2 3
4 vs 4 Defense
Defense Defense Time % Phy DF OF
1 Keith Ballard Erik Gudbranson 60 0 2 3
2 William Colbert Brandon Gormley 40 1 2 2
Last Minutes Offensive
Center Left Wing Right Wing Defense Defense
Jonathan Matsumoto Pasi Salonen Mattias Weinhandl Keith Ballard Erik Gudbranson
Last Minutes Defensive
Center Left Wing Right Wing Defense Defense
Jonathan Matsumoto Pasi Salonen Mattias Weinhandl Keith Ballard Erik Gudbranson
Goaltenders
Starting : Petr Mrazek
Backup : Keith Kinkaid
Extra Forwards
Normal : Petr Straka, Johannes Salmonsson, Chris Mueller - PP : Petr Straka, Johannes Salmonsson - PK : Chris Mueller
Extra Defensemen
Normal : Brandon Gormley, Erik Gudbranson, Keith Ballard - PP : Denis Bodrov - PK : Brandon Gormley, Denis Bodrov
Penalty Shots
Mattias Weinhandl, Jonathan Cheechoo, Pasi Salonen, Matt Halischuk, Rico Fata
Atomiques
5 vs 5 Forward
Center Left Wing Right Wing Time % Phy DF OF
1 Tyler Brenner Brad Winchester Tyler Kennedy 40 1 2 2
2 Marc-André Cliche Kenndal McArdle Nick Johnson 30 1 2 2
3 Brett Sutter Andrew Kozek Alex Berry 20 1 2 2
4 Anthony Nigro John McCarthy Brett Connolly 10 1 2 2
5 vs 5 Defense
Defense Defense Time % Phy DF OF
1 Alexander Sulzer Shawn Belle 40 1 2 2
2 Davis Drewiske Clayton Stoner 30 1 2 2
3 Kyle Wharton Scott Jackson 20 1 2 2
4 Alexander Sulzer Shawn Belle 10 1 2 2
PowerPlay Forward
Center Left Wing Right Wing Time % Phy DF OF
1 Tyler Brenner Brad Winchester Tyler Kennedy 60 1 2 2
2 Marc-André Cliche Kenndal McArdle Nick Johnson 40 1 2 2
PowerPlay Defense
Defense Defense Time % Phy DF OF
1 Alexander Sulzer Shawn Belle 60 1 2 2
2 Davis Drewiske Clayton Stoner 40 1 2 2
Penalty Kill 4 Players Forward
Center Wing Time % Phy DF OF
1 Brad Winchester Tyler Kennedy 60 1 2 2
2 Tyler Brenner Kenndal McArdle 40 1 2 2
Penalty Kill 4 Players Defense
Defense Defense Time % Phy DF OF
1 Alexander Sulzer Shawn Belle 60 1 2 2
2 Davis Drewiske Clayton Stoner 40 1 2 2
Penalty Kill - 3 Players Forward
Forward Time % Phy DF OF
1 Brad Winchester 60 1 2 2
2 Tyler Kennedy 40 1 2 2
Penalty Kill - 3 Players Defense
Defense Defense Time % Phy DF OF
1 Alexander Sulzer Shawn Belle 60 1 2 2
2 Davis Drewiske Clayton Stoner 40 1 2 2
4 vs 4 Forward
Center Wing Time % Phy DF OF
1 Brad Winchester Tyler Kennedy 60 1 2 2
2 Tyler Brenner Kenndal McArdle 40 1 2 2
4 vs 4 Defense
Defense Defense Time % Phy DF OF
1 Alexander Sulzer Shawn Belle 60 1 2 2
2 Davis Drewiske Clayton Stoner 40 1 2 2
Last Minutes Offensive
Center Left Wing Right Wing Defense Defense
Tyler Brenner Brad Winchester Tyler Kennedy Alexander Sulzer Shawn Belle
Last Minutes Defensive
Center Left Wing Right Wing Defense Defense
Tyler Brenner Brad Winchester Tyler Kennedy Alexander Sulzer Shawn Belle
Goaltenders
Starting : Sergei Bobrovsky
Backup : Alex Auld
Extra Forwards
Normal : Andrew Kozek, Brett Sutter, John McCarthy - PP : Andrew Kozek, Brett Sutter - PK : John McCarthy
Extra Defensemen
Normal : Kyle Wharton, Scott Jackson, Davis Drewiske - PP : Kyle Wharton - PK : Scott Jackson, Davis Drewiske
Penalty Shots
Brad Winchester, Tyler Kennedy, Tyler Brenner, Kenndal McArdle, Nick Johnson
% Time on Ice - Remparts
Lines # - Real PCT - Wanted PCT - Time Play
Normal Forward
1 - 41% - 40% - 19:09
2 - 28% - 30% - 12:59
3 - 19% - 20% - 9:04
4 - 13% - 10% - 5:57
Normal Defense
1 - 35% - 40% - 16:39
2 - 37% - 30% - 17:28
3 - 26% - 20% - 12:07
4 - 2% - 10% - 0:55
PP Forward
1 - 59% - 60% - 2:55
2 - 41% - 40% - 2:00
PP Defense
1 - 53% - 60% - 2:36
2 - 47% - 40% - 2:19
PK Forward
1 - 71% - 60% - 5:10
2 - 29% - 40% - 2:07
PK Defense
1 - 73% - 60% - 5:17
2 - 27% - 40% - 2:00
PK3 Forward
1 - 0% - 60%
2 - 0% - 40%
PK3 Defense
1 - 0% - 60%
2 - 0% - 40%
44 Forward
1 - 71% - 60% - 4:00
2 - 29% - 40% - 1:39
44 Defense
1 - 52% - 60% - 2:56
2 - 48% - 40% - 2:43
Last Minute Offensive - 0:00
Last Minute Defensive - 0:00
Total
Forward - 65:00
Defense - 65:00
|
% Time on Ice - Atomiques
Lines # - Real PCT - Wanted PCT - Time Play
Normal Forward
1 - 36% - 40% - 16:46
2 - 27% - 30% - 12:50
3 - 20% - 20% - 9:27
4 - 17% - 10% - 8:06
Normal Defense
1 - 42% - 40% - 19:52
2 - 32% - 30% - 15:01
3 - 24% - 20% - 11:10
4 - 2% - 10% - 1:06
PP Forward
1 - 54% - 60% - 3:56
2 - 46% - 40% - 3:21
PP Defense
1 - 40% - 60% - 2:55
2 - 60% - 40% - 4:22
PK Forward
1 - 72% - 60% - 3:31
2 - 28% - 40% - 1:24
PK Defense
1 - 70% - 60% - 3:27
2 - 30% - 40% - 1:28
PK3 Forward
1 - 0% - 60%
2 - 0% - 40%
PK3 Defense
1 - 0% - 60%
2 - 0% - 40%
44 Forward
1 - 73% - 60% - 4:09
2 - 27% - 40% - 1:30
44 Defense
1 - 61% - 60% - 3:26
2 - 39% - 40% - 2:13
Last Minute Offensive - 0:00
Last Minute Defensive - 0:00
Total
Forward - 65:00
Defense - 65:00
|
Play by Play
1st period
0:01 of 1st period - Brad Winchester wins face-off versus Jonathan Matsumoto in neutral zone.
1:10 of 1st period - Wrist shot by Jonathan Cheechoo.
1:10 of 1st period - Stopped by Sergei Bobrovsky with a rebound.
1:12 of 1st period - Slapshot by Keith Ballard.
1:12 of 1st period - Shot Blocked by Clayton Stoner.
1:14 of 1st period - Snap shot by Chris Mueller.
1:14 of 1st period - Shot Blocked by Clayton Stoner.
1:44 of 1st period - Minor Penalty to Jonathan Matsumoto for Holding.
1:45 of 1st period - Cédric Lalonde-McNicoll wins face-off versus Tyler Brenner in Remparts zone.
2:16 of 1st period - Brandon Gormley is hit by Nick Johnson and loses puck.
3:44 of 1st period - Penalty to Jonathan Matsumoto is over, Jonathan Matsumoto is back on ice.
4:14 of 1st period - Snap shot by Jonathan Cheechoo.
4:14 of 1st period - Shot Misses the Net.
5:17 of 1st period - Marc-André Cliche is hit by Matt Halischuk and loses puck.
5:26 of 1st period - Nick Johnson is hit by Cédric Lalonde-McNicoll and loses puck.
5:43 of 1st period - Icing by Pasi Salonen.
5:44 of 1st period - Tyler Brenner wins face-off versus Jonathan Matsumoto in Remparts zone.
5:45 of 1st period - Snap shot by Brad Winchester.
5:45 of 1st period - Shot Misses the Net.
5:52 of 1st period - Off-side.
5:53 of 1st period - Tyler Brenner wins face-off versus Cédric Lalonde-McNicoll in neutral zone.
6:06 of 1st period - Slapshot by Matt Halischuk.
6:06 of 1st period - Stopped by Sergei Bobrovsky without a rebound.
6:07 of 1st period - Jonathan Matsumoto wins face-off versus Tyler Brenner in Atomiques zone.
6:14 of 1st period - Slapshot by Jonathan Matsumoto.
6:14 of 1st period - Goal by Jonathan Matsumoto - Remparts : 1 - Atomiques : 0.
6:15 of 1st period - Cédric Lalonde-McNicoll wins face-off versus Tyler Brenner in neutral zone.
6:20 of 1st period - Snap shot by Rico Fata.
6:20 of 1st period - Shot Misses the Net.
6:22 of 1st period - Snap shot by Cédric Lalonde-McNicoll.
6:22 of 1st period - Shot Misses the Net.
6:24 of 1st period - Snap shot by Cédric Lalonde-McNicoll.
6:24 of 1st period - Shot Misses the Net.
6:26 of 1st period - Wrist shot by Rico Fata.
6:26 of 1st period - Stopped by Sergei Bobrovsky with a rebound.
6:28 of 1st period - Snap shot by Matt Halischuk.
6:28 of 1st period - Shot Misses the Net.
6:30 of 1st period - Snap shot by Rico Fata.
6:30 of 1st period - Shot Blocked by Alexander Sulzer.
6:49 of 1st period - Snap shot by Jonathan Matsumoto.
6:49 of 1st period - Stopped by Sergei Bobrovsky without a rebound.
6:50 of 1st period - Marc-André Cliche wins face-off versus Max Reinhart in Atomiques zone.
7:07 of 1st period - Erik Gudbranson is hit by Nick Johnson and loses puck.
7:28 of 1st period - Tyler Kennedy is hit by Jonathan Matsumoto and loses puck.
7:37 of 1st period - Tyler Kennedy is hit by Pasi Salonen and loses puck.
9:37 of 1st period - Wrist shot by Pasi Salonen.
9:37 of 1st period - Stopped by Sergei Bobrovsky without a rebound.
9:38 of 1st period - Tyler Brenner wins face-off versus Cédric Lalonde-McNicoll in Atomiques zone.
10:29 of 1st period - Max Reinhart is hit by Clayton Stoner.
10:33 of 1st period - Slapshot by Nick Johnson.
10:33 of 1st period - Shot Blocked by William Colbert.
10:35 of 1st period - Wrist shot by Kenndal McArdle.
10:35 of 1st period - Shot Misses the Net.
10:37 of 1st period - Wrist shot by Alexander Sulzer.
10:37 of 1st period - Deflect By Johannes Salmonsson.
10:37 of 1st period - Stopped by Petr Mrazek with a rebound.
10:57 of 1st period - Davis Drewiske is hit by Johannes Salmonsson and loses puck.
11:12 of 1st period - Erik Gudbranson is hit by Nick Johnson.
11:22 of 1st period - Marc-André Cliche is hit by Chris Mueller and loses puck.
11:37 of 1st period - William Colbert is hit by John McCarthy and loses puck.
11:46 of 1st period - John McCarthy is hit by Erik Gudbranson and loses puck.
12:23 of 1st period - Icing by William Colbert.
12:24 of 1st period - Marc-André Cliche wins face-off versus Cédric Lalonde-McNicoll in Remparts zone.
12:51 of 1st period - Davis Drewiske is hit by Matt Halischuk and loses puck.
13:08 of 1st period - Keith Ballard is hit by Clayton Stoner and loses puck.
13:15 of 1st period - Wrist shot by Alex Berry.
13:15 of 1st period - Deflect By Erik Gudbranson.
13:15 of 1st period - Goal by Alex Berry - Remparts : 1 - Atomiques : 1.
13:16 of 1st period - Max Reinhart wins face-off versus Tyler Brenner in neutral zone.
13:23 of 1st period - Wrist shot by Johannes Salmonsson.
13:23 of 1st period - Stopped by Sergei Bobrovsky without a rebound.
13:24 of 1st period - Max Reinhart wins face-off versus Tyler Brenner in Atomiques zone.
13:39 of 1st period - Slapshot by William Colbert.
13:39 of 1st period - Stopped by Sergei Bobrovsky with a rebound.
13:45 of 1st period - Minor Penalty to Tyler Kennedy for Holding.
13:46 of 1st period - Brad Winchester wins face-off versus Jonathan Matsumoto in Atomiques zone.
15:45 of 1st period - Penalty to Tyler Kennedy is over, Tyler Kennedy is back on ice.
16:06 of 1st period - Marc-André Cliche is hit by Chris Mueller and loses puck.
16:40 of 1st period - Snap shot by John McCarthy.
16:40 of 1st period - Stopped by Petr Mrazek with a rebound.
16:42 of 1st period - Wrist shot by John McCarthy.
16:42 of 1st period - Stopped by Petr Mrazek with a rebound.
16:44 of 1st period - Snap shot by Anthony Nigro.
16:44 of 1st period - Shot Blocked by Chris Mueller.
16:46 of 1st period - Snap shot by Anthony Nigro.
16:46 of 1st period - Stopped by Petr Mrazek without a rebound.
16:47 of 1st period - Tyler Brenner wins face-off versus Chris Mueller in Remparts zone.
16:58 of 1st period - Tyler Kennedy is hit by Chris Mueller and loses puck.
17:11 of 1st period - Keith Ballard is hit by Andrew Kozek and loses puck.
17:56 of 1st period - Slapshot by Rico Fata.
17:56 of 1st period - Shot Misses the Net.
19:02 of 1st period - Snap shot by Rico Fata.
19:02 of 1st period - Shot Blocked by John McCarthy.
19:37 of 1st period - Off-side.
19:38 of 1st period - Marc-André Cliche wins face-off versus Jonathan Matsumoto in neutral zone.
Goals for this period are 1 for Remparts vs 1 for Atomiques.
Shots for this period are 8 for Remparts vs 5 for Atomiques.
2nd period
0:01 of 2nd period - Tyler Brenner wins face-off versus Jonathan Matsumoto in neutral zone.
0:19 of 2nd period - Tyler Kennedy is hit by Mattias Weinhandl and loses puck.
0:26 of 2nd period - Pasi Salonen is hit by Tyler Brenner and loses puck.
0:52 of 2nd period - Icing by Erik Gudbranson.
0:53 of 2nd period - Jonathan Matsumoto wins face-off versus Marc-André Cliche in Remparts zone.
1:16 of 2nd period - Icing by Mattias Weinhandl.
1:17 of 2nd period - Brett Sutter wins face-off versus Cédric Lalonde-McNicoll in Remparts zone.
1:50 of 2nd period - Snap shot by Chris Mueller.
1:50 of 2nd period - Stopped by Sergei Bobrovsky with a rebound.
2:24 of 2nd period - Nick Johnson is hit by Rico Fata and loses puck.
2:31 of 2nd period - Slapshot by Kenndal McArdle.
2:31 of 2nd period - Shot Misses the Net.
2:33 of 2nd period - Snap shot by Nick Johnson.
2:33 of 2nd period - Shot Blocked by Brandon Gormley.
2:45 of 2nd period - Wrist shot by Jonathan Cheechoo.
2:45 of 2nd period - Shot Misses the Net.
3:09 of 2nd period - Slapshot by Tyler Kennedy.
3:09 of 2nd period - Shot Blocked by Ty Wishart.
3:42 of 2nd period - Kyle Wharton is hit by Rico Fata and loses puck.
4:03 of 2nd period - Snap shot by Rico Fata.
4:03 of 2nd period - Stopped by Sergei Bobrovsky without a rebound.
4:04 of 2nd period - Chris Mueller wins face-off versus Anthony Nigro in Atomiques zone.
4:15 of 2nd period - Slapshot by Jonathan Cheechoo.
4:15 of 2nd period - Stopped by Sergei Bobrovsky without a rebound.
4:16 of 2nd period - Tyler Brenner wins face-off versus Jonathan Matsumoto in Atomiques zone.
4:31 of 2nd period - Minor Penalty to Jonathan Matsumoto for Roughing.
4:32 of 2nd period - Cédric Lalonde-McNicoll wins face-off versus Tyler Brenner in Remparts zone.
5:48 of 2nd period - Icing by Kenndal McArdle.
5:49 of 2nd period - Marc-André Cliche wins face-off versus Chris Mueller in Atomiques zone.
6:18 of 2nd period - Minor Penalty to Kenndal McArdle for Interference.
6:19 of 2nd period - Petr Straka wins face-off versus Tyler Kennedy in Atomiques zone.
6:22 of 2nd period - Slapshot by Keith Ballard.
6:22 of 2nd period - Stopped by Sergei Bobrovsky with a rebound.
6:31 of 2nd period - Penalty to Jonathan Matsumoto is over, Jonathan Matsumoto is back on ice.
6:45 of 2nd period - Petr Straka is hit by John McCarthy and loses puck.
6:57 of 2nd period - Slapshot by William Colbert.
6:57 of 2nd period - Shot Misses the Net.
6:59 of 2nd period - Slapshot by Brandon Gormley.
6:59 of 2nd period - Deflect By Shawn Belle.
6:59 of 2nd period - Stopped by Sergei Bobrovsky with a rebound.
7:01 of 2nd period - Slapshot by William Colbert.
7:01 of 2nd period - Stopped by Sergei Bobrovsky with a rebound.
7:03 of 2nd period - Snap shot by Mattias Weinhandl.
7:03 of 2nd period - Stopped by Sergei Bobrovsky with a rebound.
7:11 of 2nd period - Snap shot by Mattias Weinhandl.
7:11 of 2nd period - Shot Misses the Net.
7:13 of 2nd period - Slapshot by Jonathan Matsumoto.
7:13 of 2nd period - Deflect By Petr Straka.
7:13 of 2nd period - Goal by Petr Straka - Remparts : 2 - Atomiques : 1.
7:14 of 2nd period - Cédric Lalonde-McNicoll wins face-off versus Tyler Brenner in neutral zone.
7:27 of 2nd period - Brad Winchester is hit by Rico Fata and loses puck.
8:27 of 2nd period - Snap shot by Davis Drewiske.
8:27 of 2nd period - Stopped by Petr Mrazek without a rebound.
8:28 of 2nd period - Max Reinhart wins face-off versus Anthony Nigro in Remparts zone.
8:41 of 2nd period - Slapshot by Petr Straka.
8:41 of 2nd period - Stopped by Sergei Bobrovsky with a rebound.
8:43 of 2nd period - Slapshot by Denis Bodrov.
8:43 of 2nd period - Shot Blocked by John McCarthy.
8:45 of 2nd period - Slapshot by Denis Bodrov.
8:45 of 2nd period - Shot Blocked by John McCarthy.
8:47 of 2nd period - Snap shot by Max Reinhart.
8:47 of 2nd period - Shot Misses the Net.
8:49 of 2nd period - Wrist shot by Max Reinhart.
8:49 of 2nd period - Shot Misses the Net.
8:51 of 2nd period - Slapshot by Erik Gudbranson.
8:51 of 2nd period - Stopped by Sergei Bobrovsky with a rebound.
8:53 of 2nd period - Slapshot by Keith Ballard.
8:53 of 2nd period - Stopped by Sergei Bobrovsky with a rebound.
8:55 of 2nd period - Wrist shot by Petr Straka.
8:55 of 2nd period - Stopped by Sergei Bobrovsky without a rebound.
8:56 of 2nd period - Tyler Brenner wins face-off versus Jonathan Matsumoto in Atomiques zone.
9:09 of 2nd period - Wrist shot by Jonathan Matsumoto.
9:09 of 2nd period - Goal by Jonathan Matsumoto - Remparts : 3 - Atomiques : 1.
9:10 of 2nd period - Jonathan Matsumoto wins face-off versus Tyler Kennedy in neutral zone.
9:16 of 2nd period - Icing by Shawn Belle.
9:17 of 2nd period - Mattias Weinhandl wins face-off versus Tyler Brenner in Atomiques zone.
9:24 of 2nd period - Snap shot by Pasi Salonen.
9:24 of 2nd period - Shot Blocked by Tyler Brenner.
9:26 of 2nd period - Snap shot by Brandon Gormley.
9:26 of 2nd period - Shot Misses the Net.
9:28 of 2nd period - Wrist shot by Jonathan Matsumoto.
9:28 of 2nd period - Deflect By Mattias Weinhandl.
9:28 of 2nd period - Shot Blocked by Tyler Kennedy.
9:28 of 2nd period - Puck is out of play.
9:29 of 2nd period - Cédric Lalonde-McNicoll wins face-off versus Tyler Brenner in Atomiques zone.
10:43 of 2nd period - Geordie Wudrick is hit by John McCarthy and loses puck.
11:06 of 2nd period - Wrist shot by Cédric Lalonde-McNicoll.
11:06 of 2nd period - Stopped by Sergei Bobrovsky with a rebound.
11:08 of 2nd period - Slapshot by Cédric Lalonde-McNicoll.
11:08 of 2nd period - Shot Blocked by Kyle Wharton.
11:46 of 2nd period - Backhand shot by Keith Ballard.
11:46 of 2nd period - Shot Blocked by Shawn Belle.
11:48 of 2nd period - Slapshot by Erik Gudbranson.
11:48 of 2nd period - Stopped by Sergei Bobrovsky without a rebound.
11:49 of 2nd period - Max Reinhart wins face-off versus Tyler Brenner in Atomiques zone.
11:58 of 2nd period - Slapshot by Shawn Belle.
11:58 of 2nd period - Stopped by Petr Mrazek without a rebound.
11:59 of 2nd period - Tyler Kennedy wins face-off versus Cédric Lalonde-McNicoll in Remparts zone.
12:00 of 2nd period - Snap shot by Brad Winchester.
12:00 of 2nd period - Deflect By Tyler Brenner.
12:00 of 2nd period - Stopped by Petr Mrazek without a rebound.
12:01 of 2nd period - Cédric Lalonde-McNicoll wins face-off versus Tyler Brenner in Remparts zone.
12:10 of 2nd period - Snap shot by Tyler Brenner.
12:10 of 2nd period - Deflect By Erik Gudbranson.
12:10 of 2nd period - Shot Blocked by Keith Ballard.
12:10 of 2nd period - Puck is out of play.
12:11 of 2nd period - Tyler Kennedy wins face-off versus Mattias Weinhandl in Remparts zone.
12:14 of 2nd period - Wrist shot by Tyler Kennedy.
12:14 of 2nd period - Shot Blocked by Pasi Salonen.
12:16 of 2nd period - Wrist shot by Brad Winchester.
12:16 of 2nd period - Stopped by Petr Mrazek with a rebound.
12:22 of 2nd period - Snap shot by Tyler Kennedy.
12:22 of 2nd period - Stopped by Petr Mrazek with a rebound.
12:24 of 2nd period - Minor Penalty to Erik Gudbranson for Hooking.
12:25 of 2nd period - Cédric Lalonde-McNicoll wins face-off versus Tyler Brenner in Remparts zone.
13:00 of 2nd period - Wrist shot by Marc-André Cliche.
13:00 of 2nd period - Stopped by Petr Mrazek with a rebound.
13:56 of 2nd period - Minor Penalty to Shawn Belle for Slashing.
13:57 of 2nd period - Brad Winchester wins face-off versus Jonathan Matsumoto in Atomiques zone.
14:06 of 2nd period - Snap shot by Jonathan Matsumoto.
14:06 of 2nd period - Stopped by Sergei Bobrovsky with a rebound.
14:24 of 2nd period - Penalty to Erik Gudbranson is over, Erik Gudbranson is back on ice.
14:35 of 2nd period - Slapshot by Cédric Lalonde-McNicoll.
14:35 of 2nd period - Shot Misses the Net.
14:37 of 2nd period - Wrist shot by Matt Halischuk.
14:37 of 2nd period - Goal by Matt Halischuk - Remparts : 4 - Atomiques : 1.
14:38 of 2nd period - Tyler Brenner wins face-off versus Jonathan Matsumoto in neutral zone.
15:18 of 2nd period - Wrist shot by Marc-André Cliche.
15:18 of 2nd period - Shot Blocked by Brandon Gormley.
15:18 of 2nd period - Brandon Gormley from Remparts is injured at 15:18 of 2nd period (Bruised Right Shoulder).
15:19 of 2nd period - Tyler Kennedy wins face-off versus Jonathan Matsumoto in Remparts zone.
15:27 of 2nd period - Minor Penalty to Shawn Belle for Hooking.
15:28 of 2nd period - Brad Winchester wins face-off versus Jonathan Matsumoto in Atomiques zone.
15:28 of 2nd period - Brad Winchester is hit by Pasi Salonen.
17:24 of 2nd period - Davis Drewiske is hit by Rico Fata and loses puck.
17:27 of 2nd period - Penalty to Shawn Belle is over, Shawn Belle is back on ice.
17:59 of 2nd period - Slapshot by Davis Drewiske.
17:59 of 2nd period - Shot Misses the Net.
18:01 of 2nd period - Snap shot by Scott Jackson.
18:01 of 2nd period - Shot Blocked by Denis Bodrov.
18:03 of 2nd period - Snap shot by Brett Sutter.
18:03 of 2nd period - Deflect By Andrew Kozek.
18:03 of 2nd period - Goal by Andrew Kozek - Remparts : 4 - Atomiques : 2.
18:04 of 2nd period - Marc-André Cliche wins face-off versus Jonathan Matsumoto in neutral zone.
18:49 of 2nd period - Icing by Ty Wishart.
18:50 of 2nd period - Anthony Nigro wins face-off versus Cédric Lalonde-McNicoll in Remparts zone.
19:47 of 2nd period - Snap shot by Tyler Brenner.
19:47 of 2nd period - Stopped by Petr Mrazek with a rebound.
19:49 of 2nd period - Wrist shot by Tyler Kennedy.
19:49 of 2nd period - Shot Misses the Net.
19:51 of 2nd period - Slapshot by Tyler Brenner.
19:51 of 2nd period - Stopped by Petr Mrazek with a rebound.
Goals for this period are 3 for Remparts vs 1 for Atomiques.
Shots for this period are 17 for Remparts vs 9 for Atomiques.
3rd period
0:01 of 3rd period - Mattias Weinhandl wins face-off versus Nick Johnson in neutral zone.
0:03 of 3rd period - Off-side.
0:04 of 3rd period - Marc-André Cliche wins face-off versus Jonathan Matsumoto in neutral zone.
0:35 of 3rd period - Slapshot by Keith Ballard.
0:35 of 3rd period - Shot Misses the Net.
0:55 of 3rd period - Wrist shot by Nick Johnson.
0:55 of 3rd period - Shot Misses the Net.
0:57 of 3rd period - Slapshot by Shawn Belle.
0:57 of 3rd period - Deflect By Marc-André Cliche.
0:57 of 3rd period - Stopped by Petr Mrazek with a rebound.
0:59 of 3rd period - Slapshot by Shawn Belle.
0:59 of 3rd period - Stopped by Petr Mrazek with a rebound.
1:07 of 3rd period - Slapshot by Alexander Sulzer.
1:07 of 3rd period - Stopped by Petr Mrazek with a rebound.
1:09 of 3rd period - Snap shot by Nick Johnson.
1:09 of 3rd period - Stopped by Petr Mrazek with a rebound.
1:11 of 3rd period - Wrist shot by Nick Johnson.
1:11 of 3rd period - Shot Misses the Net.
1:13 of 3rd period - Slapshot by Kenndal McArdle.
1:13 of 3rd period - Shot Misses the Net.
1:15 of 3rd period - Wrist shot by Marc-André Cliche.
1:15 of 3rd period - Shot Misses the Net.
1:17 of 3rd period - Snap shot by Kenndal McArdle.
1:17 of 3rd period - Shot Misses the Net.
1:41 of 3rd period - Keith Ballard is hit by Marc-André Cliche and loses puck.
1:46 of 3rd period - Snap shot by Shawn Belle.
1:46 of 3rd period - Shot Blocked by Erik Gudbranson.
1:48 of 3rd period - Slapshot by Alexander Sulzer.
1:48 of 3rd period - Shot Misses the Net.
1:50 of 3rd period - Slapshot by Nick Johnson.
1:50 of 3rd period - Shot Misses the Net.
1:52 of 3rd period - Slapshot by Alexander Sulzer.
1:52 of 3rd period - Stopped by Petr Mrazek with a rebound.
1:58 of 3rd period - Slapshot by Kenndal McArdle.
1:58 of 3rd period - Shot Blocked by Erik Gudbranson.
2:00 of 3rd period - Wrist shot by Kenndal McArdle.
2:00 of 3rd period - Goal by Kenndal McArdle - Remparts : 4 - Atomiques : 3.
2:01 of 3rd period - Tyler Brenner wins face-off versus Jonathan Matsumoto in neutral zone.
2:06 of 3rd period - Snap shot by Tyler Brenner.
2:06 of 3rd period - Shot Misses the Net.
2:26 of 3rd period - William Colbert is hit by Brett Sutter and loses puck.
2:48 of 3rd period - Jonathan Cheechoo is hit by Scott Jackson and loses puck.
2:55 of 3rd period - Anthony Nigro is hit by Geordie Wudrick and loses puck.
3:10 of 3rd period - Brett Connolly is hit by Jonathan Matsumoto and loses puck.
3:15 of 3rd period - Snap shot by Mattias Weinhandl.
3:15 of 3rd period - Stopped by Sergei Bobrovsky without a rebound.
3:16 of 3rd period - Tyler Brenner wins face-off versus Jonathan Matsumoto in Atomiques zone.
4:06 of 3rd period - Clayton Stoner is hit by Jonathan Matsumoto and loses puck.
4:11 of 3rd period - Snap shot by Mattias Weinhandl.
4:11 of 3rd period - Stopped by Sergei Bobrovsky without a rebound.
4:12 of 3rd period - Brett Sutter wins face-off versus Cédric Lalonde-McNicoll in Atomiques zone.
4:55 of 3rd period - Wrist shot by Brett Sutter.
4:55 of 3rd period - Stopped by Petr Mrazek with a rebound.
4:57 of 3rd period - Snap shot by Brett Sutter.
4:57 of 3rd period - Stopped by Petr Mrazek with a rebound.
4:59 of 3rd period - Snap shot by Shawn Belle.
4:59 of 3rd period - Stopped by Petr Mrazek with a rebound.
5:01 of 3rd period - Slapshot by Shawn Belle.
5:01 of 3rd period - Deflect By Alex Berry.
5:01 of 3rd period - Shot Misses the Net.
5:01 of 3rd period - Puck is out of play.
5:02 of 3rd period - Marc-André Cliche wins face-off versus Petr Straka in Remparts zone.
6:09 of 3rd period - Slapshot by Rico Fata.
6:09 of 3rd period - Deflect By Matt Halischuk.
6:09 of 3rd period - Stopped by Sergei Bobrovsky without a rebound.
6:10 of 3rd period - Cédric Lalonde-McNicoll wins face-off versus Marc-André Cliche in Atomiques zone.
6:29 of 3rd period - Off-side.
6:30 of 3rd period - Jonathan Matsumoto wins face-off versus Tyler Brenner in neutral zone.
6:35 of 3rd period - Slapshot by Mattias Weinhandl.
6:35 of 3rd period - Stopped by Sergei Bobrovsky without a rebound.
6:36 of 3rd period - Tyler Kennedy wins face-off versus Jonathan Matsumoto in Atomiques zone.
7:13 of 3rd period - Slapshot by Matt Halischuk.
7:13 of 3rd period - Shot Blocked by Kenndal McArdle.
7:27 of 3rd period - Snap shot by Andrew Kozek.
7:27 of 3rd period - Goal by Andrew Kozek - Remparts : 4 - Atomiques : 4.
7:28 of 3rd period - Tyler Brenner wins face-off versus Jonathan Matsumoto in neutral zone.
7:41 of 3rd period - Slapshot by Keith Ballard.
7:41 of 3rd period - Stopped by Sergei Bobrovsky with a rebound.
7:43 of 3rd period - Slapshot by Jonathan Matsumoto.
7:43 of 3rd period - Stopped by Sergei Bobrovsky with a rebound.
7:53 of 3rd period - Tyler Kennedy is hit by Max Reinhart and loses puck.
7:58 of 3rd period - Slapshot by William Colbert.
7:58 of 3rd period - Deflect By Tyler Brenner.
7:58 of 3rd period - Stopped by Sergei Bobrovsky with a rebound.
10:31 of 3rd period - Wrist shot by Brett Sutter.
10:31 of 3rd period - Stopped by Petr Mrazek without a rebound.
10:32 of 3rd period - Brett Sutter wins face-off versus Max Reinhart in Remparts zone.
10:33 of 3rd period - Wrist shot by Alex Berry.
10:33 of 3rd period - Stopped by Petr Mrazek without a rebound.
10:34 of 3rd period - Tyler Kennedy wins face-off versus Max Reinhart in Remparts zone.
10:51 of 3rd period - Snap shot by Johannes Salmonsson.
10:51 of 3rd period - Stopped by Sergei Bobrovsky without a rebound.
10:52 of 3rd period - Jonathan Matsumoto wins face-off versus Marc-André Cliche in Atomiques zone.
11:05 of 3rd period - Wrist shot by Jonathan Matsumoto.
11:05 of 3rd period - Shot Misses the Net.
11:07 of 3rd period - Backhand shot by Erik Gudbranson.
11:07 of 3rd period - Stopped by Sergei Bobrovsky without a rebound.
11:08 of 3rd period - Tyler Brenner wins face-off versus Cédric Lalonde-McNicoll in Atomiques zone.
11:21 of 3rd period - Erik Gudbranson is hit by Tyler Kennedy and loses puck.
11:39 of 3rd period - Keith Ballard is hit by Kenndal McArdle and loses puck.
11:44 of 3rd period - Snap shot by Kenndal McArdle.
11:44 of 3rd period - Shot Misses the Net.
12:16 of 3rd period - Snap shot by Tyler Kennedy.
12:16 of 3rd period - Stopped by Petr Mrazek without a rebound.
12:17 of 3rd period - Jonathan Matsumoto wins face-off versus Tyler Brenner in Remparts zone.
12:25 of 3rd period - Off-side.
12:26 of 3rd period - Brad Winchester wins face-off versus Jonathan Matsumoto in neutral zone.
14:20 of 3rd period - Snap shot by John McCarthy.
14:20 of 3rd period - Stopped by Petr Mrazek with a rebound.
14:48 of 3rd period - Brett Connolly is hit by Ty Wishart and loses puck.
14:57 of 3rd period - Snap shot by John McCarthy.
14:57 of 3rd period - Stopped by Petr Mrazek with a rebound.
15:07 of 3rd period - Snap shot by John McCarthy.
15:07 of 3rd period - Shot Blocked by Mattias Weinhandl.
15:13 of 3rd period - Slapshot by John McCarthy.
15:13 of 3rd period - Shot Misses the Net.
15:17 of 3rd period - Slapshot by Alexander Sulzer.
15:17 of 3rd period - Stopped by Petr Mrazek with a rebound.
15:33 of 3rd period - Slapshot by William Colbert.
15:33 of 3rd period - Shot Misses the Net.
15:35 of 3rd period - Slapshot by William Colbert.
15:35 of 3rd period - Shot Blocked by Alexander Sulzer.
15:46 of 3rd period - Minor Penalty to Ty Wishart for Hooking.
15:47 of 3rd period - Tyler Brenner wins face-off versus Cédric Lalonde-McNicoll in Remparts zone.
15:59 of 3rd period - Wrist shot by Tyler Brenner.
15:59 of 3rd period - Stopped by Petr Mrazek with a rebound.
16:01 of 3rd period - Slapshot by Davis Drewiske.
16:01 of 3rd period - Stopped by Petr Mrazek with a rebound.
16:03 of 3rd period - Wrist shot by Tyler Brenner.
16:03 of 3rd period - Stopped by Petr Mrazek with a rebound.
16:33 of 3rd period - Keith Ballard is hit by Brad Winchester and loses puck.
16:49 of 3rd period - Off-side.
16:50 of 3rd period - Max Reinhart wins face-off versus Marc-André Cliche in neutral zone.
16:53 of 3rd period - Marc-André Cliche is hit by Max Reinhart and loses puck.
17:46 of 3rd period - Penalty to Ty Wishart is over, Ty Wishart is back on ice.
18:04 of 3rd period - Scott Jackson is hit by Rico Fata.
18:14 of 3rd period - Keith Ballard is hit by Kyle Wharton and loses puck.
18:25 of 3rd period - Keith Ballard is hit by Kenndal McArdle and loses puck.
19:28 of 3rd period - Nick Johnson is hit by Chris Mueller and loses puck.
Goals for this period are 0 for Remparts vs 2 for Atomiques.
Shots for this period are 9 for Remparts vs 19 for Atomiques.
Overtime #1
0:01 of 1st overtime period - Brad Winchester wins face-off versus Jonathan Matsumoto in neutral zone.
0:44 of 1st overtime period - Davis Drewiske is hit by Erik Gudbranson and loses puck.
0:53 of 1st overtime period - Wrist shot by Matt Halischuk.
0:53 of 1st overtime period - Stopped by Sergei Bobrovsky without a rebound.
0:54 of 1st overtime period - Brad Winchester wins face-off versus Jonathan Matsumoto in Atomiques zone.
1:13 of 1st overtime period - Shawn Belle is hit by William Colbert and loses puck.
1:20 of 1st overtime period - Brad Winchester is hit by Matt Halischuk and loses puck.
1:39 of 1st overtime period - Slapshot by Alexander Sulzer.
1:39 of 1st overtime period - Stopped by Petr Mrazek without a rebound.
1:40 of 1st overtime period - Jonathan Matsumoto wins face-off versus Tyler Brenner in Remparts zone.
2:05 of 1st overtime period - Alexander Sulzer is hit by Cédric Lalonde-McNicoll and loses puck.
2:16 of 1st overtime period - Wrist shot by Matt Halischuk.
2:16 of 1st overtime period - Deflect By Cédric Lalonde-McNicoll.
2:16 of 1st overtime period - Shot Misses the Net.
2:16 of 1st overtime period - Puck is out of play.
2:17 of 1st overtime period - Andrew Kozek wins face-off versus Jonathan Matsumoto in Atomiques zone.
2:17 of 1st overtime period - Andrew Kozek is hit by Jonathan Matsumoto.
2:30 of 1st overtime period - Erik Gudbranson is hit by Andrew Kozek and loses puck.
3:15 of 1st overtime period - Keith Ballard is hit by Alexander Sulzer and loses puck.
Goals for this period are 0 for Remparts vs 0 for Atomiques.
Shots for this period are 1 for Remparts vs 1 for Atomiques.
ShootOut
5:00 of 1st overtime period - Penalty Shot by Mattias Weinhandl for Remparts.
5:00 of 1st overtime period - Wrist shot by Mattias Weinhandl.
5:00 of 1st overtime period - Stopped by Sergei Bobrovsky.
5:00 of 1st overtime period - Penalty Shot by Brad Winchester for Atomiques.
5:00 of 1st overtime period - Deke by Brad Winchester.
5:00 of 1st overtime period - Shot Misses the Net.
5:00 of 1st overtime period - Penalty Shot by Jonathan Cheechoo for Remparts.
5:00 of 1st overtime period - Snap shot by Jonathan Cheechoo.
5:00 of 1st overtime period - Goal by Jonathan Cheechoo.
5:00 of 1st overtime period - Penalty Shot by Tyler Kennedy for Atomiques.
5:00 of 1st overtime period - Wrist shot by Tyler Kennedy.
5:00 of 1st overtime period - Shot Misses the Net.
5:00 of 1st overtime period - Penalty Shot by Pasi Salonen for Remparts.
5:00 of 1st overtime period - Snap shot by Pasi Salonen.
5:00 of 1st overtime period - Goal by Pasi Salonen.
Back to the Top